 Dungeon Crawl Stone Soup version 0.23.1 (webtiles) character file.

Game seed: 16635130337022241832

214 GGGomer the Slinger (level 6, -8/41 HPs)
             Began as a Halfling Hunter on Mar 18, 2019.
             Killed from afar by Ijyb (19 damage)
             ... with a wand of acid (8)
             ... on level 2 of the Dungeon.
             The game lasted 00:11:28 (1175 turns).

GGGomer the Slinger (Halfling Hunter)               Turns: 1175, Time: 00:11:28

Health: -8/41      AC:  0    Str: 13    XL:     6   Next: 14%
Magic:  6/6        EV: 15    Int:  9    God:
Gold:   21         SH:  0    Dex: 17    Spells: 5/5 levels left

rFire    . . .     SeeInvis .   a - +1 hunting sling
rCold    . . .     Gourm    .   (shield restricted)
rNeg     . . .     Faith    .   c - +0 leather armour
rPois    .         Spirit   .   (no helmet)
rElec    .         Reflect  .   (no cloak)
rCorr    .         Harm     .   (no gloves)
MR       .....                  (no boots)
Stlth    ++........             (no amulet)
HPRegen  0.13/turn              (no ring)
MPRegen  0.10/turn              (no ring)

@: corroded
A: small, mutation resistance 1
a: no special abilities


You were on level 2 of the Dungeon.
You were hungry.

You visited 1 branch of the dungeon, and saw 2 of its levels.

You collected 21 gold pieces.

Inventory:

Hand Weapons
 a - a +1 hunting sling (weapon)
 b - a +0 short sword
 j - a +0 dagger
 o - a cursed -2 scythe
 q - a +0 mace
 t - a +4 hunting sling
Missiles
 d - 14 sling bullets (quivered)
 i - 49 stones
 m - 3 tomahawks
 r - 25 bolts
 s - 19 arrows
Armour
 c - a +0 leather armour (worn)
 p - a +0 robe
Scrolls
 e - 2 scrolls of identify {unknown}
 k - a scroll of remove curse {unknown}
 l - a scroll of amnesia {unknown}
Potions
 g - a potion of flight {unknown}
 h - 2 potions of lignification {unknown}
 n - a potion of might {unknown}
 u - a potion of curing {unknown}
Comestibles
 f - 2 rations


   Skills:
 + Level 2.5 Fighting
 + Level 1.8 Short Blades
 + Level 8.3 Slings
 + Level 1.7 Armour
 + Level 2.6 Dodging
 + Level 1.7 Stealth


You had 5 spell levels left.
You didn't know any spells.
Your spell library was empty.

Dungeon Overview and Level Annotations

Branches:
Dungeon (2/15)

Altars:
Ashenzari

Annotations:
D:2 Ijyb


Innate Abilities, Weirdness & Mutations

You are small and have problems with some larger weapons.
You are somewhat resistant to further mutation.


Message History

You shoot a sling bullet. The sling bullet hits the goblin.
You kill the goblin!
Firing (i - inventory. (/) - cycle)
d - 17 sling bullets (quivered)
Press: ? - help, Shift-Dir - straight line, f - Ijyb
Aim: Ijyb, wielding a +0 club, wearing a +0 ring mail and carrying a wand of acid (9) (unusually resistant)
You shoot a sling bullet.
The sling bullet hits Ijyb but does no damage.
Ijyb zaps a wand.
The bolt of acid hits you!! The acid corrodes you!
You are splashed with acid!
* * * LOW HITPOINT WARNING * * *
Firing (i - inventory. (/) - cycle)
d - 16 sling bullets (quivered)
Press: ? - help, Shift-Dir - straight line, f/p - Ijyb
Aim: Ijyb, wielding a +0 club, wearing a +0 ring mail and carrying a wand of acid (8) (unusually resistant)
You shoot a sling bullet. The sling bullet barely misses Ijyb.
Firing (i - inventory. (/) - cycle)
d - 15 sling bullets (quivered)
Press: ? - help, Shift-Dir - straight line, f/p - Ijyb
Aim: Ijyb, wielding a +0 club, wearing a +0 ring mail and carrying a wand of acid (8) (unusually resistant)
You shoot a sling bullet. The sling bullet closely misses Ijyb.
Ijyb zaps a wand.
The bolt of acid hits you!!
You die...

.# #.....# #.#.
###.#.## .#
#.....#8(....8#.#.
..#... ..
#.....#(..(...# ..
....## #.#
#.#+#.#8..(..8#
..##.## +# #.#
.#..g(...# .......
#8.((..8# ...#...
#...(...# .....##
#.......# . .....
#...@...+ ...#.#.
#. #.......#
#.....
....###'#####
##.#. #.....####
#.#. #.###....##.
#.#. #.###....##.#
#.#. #........##.#
#.#.
###.###.#####.#
#.#. .. #.#
#.########.#.


You could see Ijyb.

Vanquished Creatures
  Sigmund (D:2)
  A leopard gecko (D:2)
  3 ball pythons (D:1)
  A giant cockroach (D:2)
  9 goblins
  4 hobgoblins
  9 jackals (D:1)
  2 bats (D:1)
  A frilled lizard (D:1)
  5 kobolds
  6 rats
42 creatures vanquished.

Notes
Turn   | Place    | Note
-------+----------+-------------------------------------------
     0 | D:1      | GGGomer the Halfling Hunter began the quest for the Orb.
     0 | D:1      | Reached XP level 1. HP: 14/14 MP: 1/1
    18 | D:1      | Reached skill level 6 in Slings
    86 | D:1      | Reached XP level 2. HP: 19/19 MP: 2/2
   432 | D:1      | Reached XP level 3. HP: 24/24 MP: 3/3
   601 | D:1      | Reached skill level 7 in Slings
   745 | D:2      | Noticed Sigmund
   757 | D:2      | Killed Sigmund
   757 | D:2      | Reached skill level 1 in Short Blades
   757 | D:2      | Reached skill level 8 in Slings
   757 | D:2      | Reached skill level 1 in Armour
   757 | D:2      | Reached XP level 4. HP: 30/30 MP: 4/4
   757 | D:2      | Reached XP level 5. HP: 35/35 MP: 5/5
   757 | D:2      | Reached XP level 6. HP: 41/41 MP: 6/6
   855 | D:2      | Found a shattered altar of Ashenzari.
  1168 | D:2      | Noticed Ijyb
  1175 | D:2      | Killed from afar by Ijyb

Skill      XL: |  1  2  3 |
---------------+----------+-----
Slings         | 6 8 |  8.3
Fighting       | 2 |  2.5
Short Blades   | 1 |  1.8
Armour         | 1 |  1.7
Dodging        | |  2.6
Stealth        | |  1.7

Action                   |  1- 3 |  4- 6 || total
-------------------------+-------+-------++-------
Melee: Short sword       |    10 |       ||    10
       Dagger            |    14 |     1 ||    15
 Fire: Hunting sling     |    54 |    25 ||    79
 Stab: Sleeping          |     1 |     1 ||     2
Armor: Leather armour    |     3 |       ||     3
Dodge: Dodged            |    26 |     3 ||    29
